 Dungeon Crawl Stone Soup version 0.30-a0-715-gdb4ae3ece1 (webtiles) character file.

Game seed: 8128074494800945697

384 themarg the Caller (level 6, -2/41 HPs)
             Began as a Barachi Summoner on Jan 23, 2023.
             Was a Priest of Cheibriados.
             Slain by Pikel
             ... wielding a +0 whip of flaming
              (7 damage)
             ... on level 4 of the Dungeon.
             The game lasted 00:14:06 (4653 turns).

themarg the Caller (Barachi Summoner)               Turns: 4653, Time: 00:14:06

Health: -2/41      AC:  4    Str: 17    XL:     6   Next: 77%
Magic:  7/13       EV: 13    Int: 25    God:    Cheibriados [***...]
Gold:   180        SH:  0    Dex: 21    Spells: 8/14 levels left

rFire   . . .      SeeInvis .    x - +0 spear
rCold   . . .      Faith    .    (no shield)
rNeg    . . .      Spirit   .    a - +0 robe
rPois   .          Reflect  .    r - +0 helmet
rElec   .          Harm     .    (no cloak)
rCorr   .          Rampage  .    (no gloves)
Will    .....                    s - +0 pair of boots
Stlth   +++                      (no amulet)
HPRegen 0.26/turn                (no ring)
MPRegen 0.13/turn                (no ring)

@: mighty, unable to hop, very slow
A: amphibious, slowness 1, strong legs 1, +LOS
a: Hop, Renounce Religion, Bend Time, Temporal Distortion


You were on level 4 of the Dungeon.
You worshipped Cheibriados.
Cheibriados was most pleased with you.
You visited 1 branch of the dungeon, and saw 4 of its levels.

You collected 180 gold pieces.

Inventory:

Hand Weapons
 v - a +1 dagger of freezing
 w - a +0 rapier
 x - a +0 spear (weapon)
Missiles
 f - 15 stones
 k - 5 boomerangs
 u - 14 poisoned darts
 y - 5 javelins
Armour
 a - a +0 robe (worn)
 r - a +0 helmet (worn)
 s - a +0 pair of boots (worn)
 A - the +6 scale mail "Egonu" {rF+ rN+ SInv}
   (You found it on level 4 of the Dungeon)

   rF:        It protects you from fire.
   rN:        It protects you from negative energy.
   SInv:      It lets you see invisible.
Jewellery
 c - a ring of flight
 g - a ring of fire
Scrolls
 j - a scroll of vulnerability {unknown}
 l - a scroll of enchant armour {unknown}
 n - 2 scrolls of immolation
 o - a scroll of teleportation {unknown}
 t - a scroll of fear {unknown}
 z - a scroll of poison {unknown}
Potions
 b - a potion of magic
 d - a potion of might
 e - a potion of haste
 h - 3 potions of attraction
 m - a potion of mutation {unknown}
 p - a potion of lignification {unknown}
 q - a potion of brilliance {unknown}


   Skills:
 - Level 2.1 Dodging
 - Level 3.0 Stealth
 + Level 4.9 Spellcasting
 + Level 7.2 Summonings


You had 8 spell levels left.
You knew the following spells:

 Your Spells              Type           Power      Damage    Failure   Level
a - Summon Small Mammal   Summ           100%       N/A       1%          1
b - Call Imp              Summ           42%        N/A       1%          2
c - Call Canine Familiar  Summ           42%        N/A       1%          3

Your spell library contained the following spells:

 Spells                   Type           Power      Damage    Failure   Level
 Summon Guardian Golem    Hex/Summ       24%        N/A       6%          3
 Sandblast                Erth           12%        2d6       9%          1
 Passwall                 Tmut/Erth      5%         N/A       13%         2
 Summon Lightning Spire   Summ/Air       24%        N/A       19%         4
 Stone Arrow              Conj/Erth      12%        3d7       26%         3


Dungeon Overview and Level Annotations

Branches:
Dungeon (4/15)
 Temple: D:4-7

Altars:
Cheibriados

Shops:
D:4 [

Annotations:
D:4 Pikel


Innate Abilities, Weirdness & Mutations

You are amphibious.
You cover ground slowly.
You can hop short distances.
You have an extended range of vision and can be seen from far away.


Message History

* * * LOW HITPOINT WARNING * * *
Pikel hits you with a +0 whip of flaming.
* * * LOW HITPOINT WARNING * * *
Pikel burns you.
* * * LOW HITPOINT WARNING * * *
The lemure misses you.
Your hound bites the lemure.
The lemure misses you. x2
Your rat bites the lemure but does no damage.
It was a potion of curing.
You feel better.
Your hound bites the lemure but does no damage.
Your crimson imp barely misses the phantom.
The lemure hits you.
* * * LOW HITPOINT WARNING * * *
Pikel hits you but does no damage. The lemure closely misses you. x2
The lemure barely misses you.
Your hound closely misses the lemure.
Your bat hits Pikel but does no damage.
Your rat bites the lemure.
You aren't carrying any items that you can evoke.
Casting: Summon Small Mammal (safe; 1% risk of failure)
Press: ? - help, Q - select action, (/) - cycle Dir - look around, f - activate
Okay, then.
Your bat hits Pikel but does no damage.
Your bat barely misses the lemure.
Your bat hits Pikel but does no damage.
Your hound closely misses the lemure.
Your bat hits the lemure but does no damage.
Your crimson imp hits the phantom.
The lemure completely misses you. The phantom hits your bat!
Your bat dies!
Your bat's corpse disappears in a puff of smoke!
Your rat bites the lemure but does no damage.
Your crimson imp hits the phantom but does no damage.
The lemure hits you.
* * * LOW HITPOINT WARNING * * *
The lemure completely misses you.
Your hound bites the lemure.
Your rat bites the lemure but does no damage.
You swap places.
Your hound bites the lemure.
Pikel completely misses you. The lemure hits your hound!
The lemure barely misses your rat.
Your hound barely misses the lemure.
Your rat bites Pikel but does no damage.
Your crimson imp barely misses the phantom.
The lemure misses you.
Pikel hits you with a +0 whip of flaming!
You die...

#........#.....
#........#.....
#........#....
........#...
......#..## .... ...#
.#######'##...##
.........r5.#..##
#### ###.##.@K55....#
##.[. #....5W§h....#
#.... ###...§5.....##
##....
##.........#.###.....
#..........#..#......
#.........###........
#.........# #........
#........## #........
#..#......##
#........


You could see Pikel, 4 lemures, a phantom (ally target), a friendly hound
(summoned), a friendly crimson imp (summoned) and a friendly rat (summoned).

Vanquished Creatures
  An iguana (D:3)
  An adder (D:2)
  2 orcs (D:3)
  A giant cockroach (D:1)
  A goblin (D:4)
  A hobgoblin (D:1)
  A ball python (D:1)
  A bat (D:1)
9 creatures vanquished.

Vanquished Creatures (collateral kills)
  A phantom (D:4)
  An orc priest (D:4)
  An orc wizard (D:4)
  7 gnolls
  4 adders
  A white imp (D:4)
  4 dart slugs
  5 orcs
  6 ball pythons
  6 bats
  7 endoplasms
  9 giant cockroaches
  9 hobgoblins
  4 jackals (D:1)
  3 quokkas
  A frilled lizard (D:2)
  5 goblins
  6 kobolds
  6 rats
86 creatures vanquished.

Grand Total: 95 creatures vanquished

Notes
Turn   | Place    | Note
-------+----------+-------------------------------------------
     0 | D:1      | themarg the Barachi Summoner began the quest for the Orb.
     0 | D:1      | Reached XP level 1. HP: 13/13 MP: 3/3
   219 | D:1      | Reached skill level 5 in Summonings
   219 | D:1      | Reached XP level 2. HP: 19/19 MP: 0/5
   300 | D:1      | Learned a level 2 spell: Call Imp
   623 | D:1      | Reached XP level 3. HP: 24/24 MP: 2/7
   627 | D:1      | Learned a level 3 spell: Call Canine Familiar
  1064 | D:1      | Found a faded altar of an unknown god.
  1248 | D:1      | Prayed at the altar of an unknown god.
  1248 | D:1      | Became a worshipper of Cheibriados the Contemplative
  1248 | D:1      | Reached * piety under Cheibriados
  1982 | D:2      | Reached XP level 4. HP: 23/30 MP: 4/8
  2370 | D:2      | Reached ** piety under Cheibriados
  2626 | D:2      | Reached XP level 5. HP: 35/35 MP: 8/10
  2642 | D:2      | Reached skill level 6 in Summonings
  3488 | D:3      | Reached *** piety under Cheibriados
  3502 | D:3      | Reached XP level 6. HP: 40/41 MP: 3/12
  4519 | D:4      | Found Royr's Antique Armour Shop.
  4526 | D:4      | Identified the +6 scale mail "Egonu" {rF+ rN+ SInv}
  4594 | D:4      | Reached skill level 7 in Summonings
  4633 | D:4      | Noticed Pikel
  4650 | D:4      | HP: 1/41 [Pikel/+0 whip of flaming (2)]
  4653 | D:4      | Slain by Pikel

Illustrated notes

Levels and vault maps discovered:
D:1:      mainiacjoe_arrival_reflecting_pool, layout_loops_corners,
          dreamdust_ecumenical_altar_angels_and_demons
D:2:      layout_basic, minmay_misc_feat_tiny
D:3:      layout_basic, minmay_misc_feat_alley
D:4:      layout_cave_pods, serial_shops, nicolae_shop_overgrown_old_shop,
          grunt_ministairs_13, minivault_25, uniq_pikel

Skill      XL: |  1  2  3  4  5  6 |
---------------+-------------------+-----
Stealth        | 2 3 |  3.0
Summonings     | 5 6 7 |  7.2
Spellcasting   | 3 4 |  4.9
Dodging        | |  2.1

Action                     |  1- 3 |  4- 6 || total
---------------------------+-------+-------++-------
  Melee: Dagger            |    23 |    16 ||    39
         Unarmed           |     1 |       ||     1
         Spear             |       |    20 ||    20
         Punch             |       |     1 ||     1
   Cast: Summon Small Mamm |    53 |    21 ||    74
         Call Imp          |    18 |    17 ||    35
         Call Canine Famil |       |    16 ||    16
Ability: Hop               |     1 |     1 ||     2
    Use: Scroll            |       |     4 ||     4
         Potion            |       |     2 ||     2
   Stab: Distracted        |       |     2 ||     2
 Armour: Robe              |     9 |    14 ||    23
  Dodge: Dodged            |    19 |    34 ||    53

Table legend: (Time is in decaauts)
 A = Elapsed time spent in this place.
 B = Non-inter-level travel time spent in this place.
 C = Inter-level travel time spent in this place.
 D = Time resting spent in this place.
 E = Time spent auto-exploring this place.
 F = Levels seen in this place.
 G = Mean time per level.
                   A        B        C        D        E       F      G
               +--------+--------+--------+--------+--------+-----+--------+
         Total |   6555 |   6282 |    273 |    126 |   5165 |   4 | 1638.8 |
       Dungeon |   6555 |   6282 |    273 |    126 |   5165 |   4 | 1638.8 |
               +--------+--------+--------+--------+--------+-----+--------+

Top non-repeatable levels by time:
     D:1: 2176 daAuts
     D:3: 1747 daAuts
     D:2: 1589 daAuts
     D:4: 1042 daAuts
